 Dungeon Crawl Stone Soup version 0.30-a0-1053-gbd8d5ba0ad (webtiles) character file.

Game seed: 7535571455386349876

140 graymark the Trooper (level 5, 0/42 HPs)
             Began as a Demonspawn Fighter on Apr 11, 2023.
             Slain by an iron imp (5 damage)
             ... summoned by Eustachio
             ... on level 4 of the Dungeon.
             The game lasted 00:10:54 (2237 turns).

graymark the Trooper (Demonspawn Fighter)           Turns: 2237, Time: 00:10:55

Health: 0/42       AC: 14    Str: 19    XL:     5   Next: 2%
Magic:  5/5        EV:  9    Int:  9    God:
Gold:   160        SH:  4    Dex: 12    Spells: 4/4 levels left

rFire   . . .      SeeInvis .    a - +0 flail
rCold   . . .      Faith    .    c - +0 buckler
rNeg    . . .      Spirit   .    b - +0 scale mail
rPois   .          Reflect  .    (no helmet)
rElec   .          Rampage  .    (no cloak)
rCorr   .                        r - +0 pair of gloves
Will    .....                    (no boots) Stlth
                                 (no amulet)
HPRegen 0.27/turn                (no ring)
MPRegen 0.18/turn                (no ring)

@: mighty, lethally poisoned (0 -> -4), sanguine armoured
A: magic regeneration, sanguine armour 1
a: no special abilities


You were on level 4 of the Dungeon.
You visited 1 branch of the dungeon, and saw 4 of its levels.

You collected 160 gold pieces.

Inventory:

Hand Weapons
 a - a +0 flail (weapon)
 i - a +0 mace
 p - a +4 heavy hand axe
Missiles
 f - 17 poisoned darts (quivered)
Armour
 b - a +0 scale mail (worn)
 c - a +0 buckler (worn)
 j - a +0 plate armour
 r - a +0 pair of gloves (worn)
Magical Staves
 o - a staff of poison
Scrolls
 h - 2 scrolls of identify
 k - a scroll of brand weapon {unknown}
 l - a scroll of fog
 n - a scroll of noise
 s - a scroll of vulnerability {unknown}
 u - a scroll of poison {unknown}
Potions
 d - a potion of might
 e - a potion of flight
 g - a potion of lignification
 q - a potion of attraction {unknown}
 t - a potion of haste {unknown}


   Skills:
 + Level 3.9 Fighting
 + Level 2.8 Maces & Flails
 + Level 3.4 Armour
 + Level 3.4 Shields


You had 4 spell levels left.
You didn't know any spells.
Your spell library contained the following spells:

 Spells                   Type           Power      Damage    Failure   Level
 Hailstorm                Conj/Ice       0%         3d3       99%         3
 Volatile Blastmotes      Fire/Tloc      0%         2d10      99%         3
 Fulminant Prism          Conj/Hex       0%         3d5       100%        4
 Ice Form                 Ice/Tmut       0%         N/A       100%        4
 Iskenderun's Mystic Bla  Conj/Tloc      0%         2d3       100%        4
 Lee's Rapid Deconstruct  Erth           0%         3d4*      100%        5
 Simulacrum               Ice/Necr       0%         N/A       100%        6


Dungeon Overview and Level Annotations

Branches:
Dungeon (4/15)             Temple (0/1) D:4

Altars:

Shops:
D:2 (

Annotations:
D:2 exclusion: 2 downstairs
D:3 Sigmund
D:4 Eustachio


Innate Abilities, Weirdness & Mutations

You regenerate magic rapidly.
When seriously injured, your blood forms armour. (AC +6)


Message History

The bat closely misses you. The bat hits you but does no damage.
The bat attacks as you move away! The bat barely misses you.
The bat hits you but does no damage. The bat closely misses you.
Eustachio closely misses you. The bat hits you but does no damage.
You closely miss Eustachio. The bat closely misses you.
Eustachio mumbles some strange words.
You closely miss Eustachio. The bat hits you but does no damage.
Eustachio hits you but does no damage.
You are poisoned.
You miss Eustachio.
You feel sick. The bat hits you but does no damage. x2
You block the bat's attack.
Eustachio hits you with a +1 rapier of venom.
You are lethally poisoned!
Eustachio closely misses you.
You miss Eustachio.
You feel very sick. The shadow imp hits you.
* * * LOW HITPOINT WARNING * * *
The bat hits you but does no damage. You block Eustachio's attack.
The iron imp closely misses you.
You feel better. The bat hits you.
The shadow imp sputters.
The shadow imp hits you but does no damage.
Eustachio hits you but does no damage.
You are poisoned.
You hit Eustachio.
Eustachio is lightly wounded.
You feel very sick. The bat hits you but does no damage.
The shadow imp hits you but does no damage.
The iron imp hits you but does no damage.
You block Eustachio's attack. The shadow imp hits you.
* * * LOW HITPOINT WARNING * * *
You closely miss Eustachio.
Eustachio is lightly wounded.
* * * LOW HITPOINT WARNING * * *
You feel sick. The bat hits you but does no damage. You block the bat's attack.
The iron imp hits you.
You die...

#..#..............†##..
#.......#.........##.#
#.......#........##..#
###...................#
###.........@...........#
............##.............
....#........#.............
.........@5....#.....#..##.
..#....##5@##..#....##### #
##(####..b.......## ##
#...........# #.....#.....#
#.........#.##
##..#..###### #.##### ###


You could see Eustachio, an iron imp (summoned), a shadow imp (summoned) and a
bat (summoned).

Vanquished Creatures
  Natasha (twice) (D:4)
  4 adders
  A dart slug (D:2)
  7 bats
  5 endoplasms
  3 giant cockroaches
  2 goblins
  7 hobgoblins
  3 jackals (D:1)
  5 kobolds
  A quokka (D:2)
  6 ball pythons
  7 rats
53 creatures vanquished.

Notes
Turn   | Place    | Note
-------+----------+-------------------------------------------
     0 | D:1      | graymark the Demonspawn Fighter began the quest for the
                  | Orb.
     0 | D:1      | Reached XP level 1. HP: 18/18 MP: 1/1
   215 | D:1      | Gained mutation: You regenerate magic rapidly. [demonic
                  | ancestry]
   215 | D:1      | Reached XP level 2. HP: 14/24 MP: 2/2
   918 | D:2      | Found a faded altar of an unknown god.
   948 | D:1      | Reached XP level 3. HP: 24/29 MP: 3/3
  1109 | D:2      | Found Guocath's Weapon Shop.
  1297 | D:2      | Reached XP level 4. HP: 35/36 MP: 4/4
  1593 | D:2      | You fall into a shaft and drop 1 floor!
  1692 | D:3      | Noticed Sigmund
  2135 | D:4      | Noticed Natasha
  2145 | D:4      | Killed Natasha
  2188 | D:4      | Found a staircase to the Ecumenical Temple.
  2188 | D:4      | Noticed Natasha
  2198 | D:4      | Killed Natasha
  2199 | D:4      | Gained mutation: When seriously injured, your blood forms
                  | armour. (AC +6) [demonic ancestry]
  2199 | D:4      | Reached XP level 5. HP: 23/42 MP: 5/5
  2199 | D:4      | Noticed Eustachio
  2237 | D:4      | Slain by an iron imp

Illustrated notes

Levels and vault maps discovered:
D:1:      tarquinn_simple_flora_water_f, layout_basic
D:2:      layout_loops_ring, nicolae_ecumenical_pavilion, serial_shops, shop,
          minivault_23
D:3:      layout_rooms, minmay_misc_feat_encased, uniq_sigmund
D:4:      layout_cave_pools, yredelemnul_altar_generic,
          minmay_temple_entry_wispy, uniq_natasha, uniq_eustachio

Skill      XL: |  1  2 |
---------------+-------+-----
Maces & Flails | 2 |  2.8
Armour         | 3 |  3.4
Shields        | 3 |  3.4
Fighting       | |  3.9

Action                     |  1- 3 |  4- 6 || total
---------------------------+-------+-------++-------
  Melee: Flail             |   147 |    64 ||   211
    Use: Scroll            |     2 |     5 ||     7
         Potion            |       |     2 ||     2
 Armour: Scale mail        |    85 |    47 ||   132
  Dodge: Dodged            |    68 |    56 ||   124
  Block: Buckler           |    40 |    25 ||    65

Table legend: (Time is in decaauts)
 A = Elapsed time spent in this place.
 B = Non-inter-level travel time spent in this place.
 C = Inter-level travel time spent in this place.
 D = Time resting spent in this place.
 E = Time spent auto-exploring this place.
 F = Levels seen in this place.
 G = Mean time per level.
                   A        B        C        D        E       F      G
               +--------+--------+--------+--------+--------+-----+--------+
         Total |   2315 |   2173 |    142 |    303 |   1032 |   4 |  578.8 |
       Dungeon |   2315 |   2173 |    142 |    303 |   1032 |   4 |  578.8 |
               +--------+--------+--------+--------+--------+-----+--------+

Top non-repeatable levels by time:
     D:1: 986 daAuts
     D:2: 956 daAuts
     D:3: 249 daAuts
     D:4: 123 daAuts
